 Dungeon Crawl Stone Soup version 0.29.1-1-gd02db6906a (webtiles) character file.

Game seed: 2619554255350038231

779 safid the Shooter (level 7, -6/66 HPs)
             Began as a Minotaur Hunter on Sept 26, 2022.
             Mangled by an ogre
             ... wielding a +0 giant club
              (35 damage)
             ... on level 4 of the Dungeon.
             The game lasted 00:06:56 (4763 turns).

safid the Shooter (Minotaur Hunter)                 Turns: 4763, Time: 00:06:56

Health: -6/66      AC:  3    Str: 15    XL:     7   Next: 54%
Magic:  6/6        EV: 12    Int:  6    God:
Gold:   1          SH:  0    Dex: 22    Spells: 6/6 levels left

rFire   . . .      SeeInvis .   a - +0 shortbow
rCold   . . .      Faith    .   (shield currently unavailable)
rNeg    . . .      Spirit   .   v - +0 leather armour of Wuzueff {Dex+6}
rPois   .          Reflect  .   (helmet restricted)
rElec   .          Harm     .   (no cloak)
rCorr   .          Rampage  .   (no gloves)
Will    .....                   (no boots)
Stlth   ++........              (no amulet)
HPRegen 0.21/turn               (no ring)
MPRegen 0.10/turn               (no ring)

@: no status effects
A: horns 2, retaliatory headbutt
a: no special abilities


You were on level 4 of the Dungeon.
You visited 1 branch of the dungeon, and saw 4 of its levels.
You also visited: Sewer.

You collected 141 gold pieces.
You spent 140 gold pieces at shops.

Inventory:

Hand Weapons
 a - a +0 shortbow (weapon)
Missiles
 h - a throwing net
 p - a curare-tipped dart
Armour
 v - the +0 leather armour of Wuzueff (worn) {Dex+6}
   (You bought it in a shop on level 3 of the Dungeon)

   Dex:       It affects your dexterity (+6).
Scrolls
 g - a scroll of enchant armour {unknown}
 j - 3 scrolls of poison {unknown}
 l - 2 scrolls of magic mapping {unknown}
 m - 4 scrolls of identify {unknown}
 n - 2 scrolls of fog {unknown}
 r - a scroll of summoning {unknown}
 s - a scroll of enchant weapon {unknown}
 t - a scroll of fear {unknown}
Potions
 d - a potion of attraction {unknown}
 e - 3 potions of haste {unknown}
 f - 2 potions of cancellation {unknown}
 i - a potion of heal wounds {unknown}
 k - a potion of flight {unknown}
 o - a potion of might {unknown}
 q - a potion of resistance {unknown}
 u - a potion of mutation {unknown}


   Skills:
 + Level 7.5 Fighting
 + Level 7.9 Ranged Weapons
 - Level 2.1 Dodging
 - Level 0.7 Stealth


You had 6 spell levels left.
You didn't know any spells.
Your spell library contained the following spells:

 Spells                   Type           Power      Damage    Failure   Level
 Sandblast                Erth           0%         2d4       52%         1
 Passwall                 Tmut/Erth      0%         N/A       67%         2
 Sublimation of Blood     Necr           0%         N/A       67%         2
 Wereblood                Tmut           0%         N/A       67%         2
 Stone Arrow              Conj/Erth      0%         3d7       88%         3
 Summon Hydra             Summ           0%         N/A       100%        7


Dungeon Overview and Level Annotations

Branches:
Dungeon (4/15)              Sewer (visited)
 Temple: D:4-7

Altars:

Shops:
D:3 [

Annotations:
D:4 2 runed translucent doors, Iamsock's ghost, weakling DrDe


Innate Abilities, Weirdness & Mutations

You have a pair of horns on your head.
You reflexively headbutt those who attack you in melee.


Message History

You shoot an arrow. The arrow hits the adder.
The adder is almost dead.
You shoot an arrow. The arrow hits the adder.
You kill the adder!
You shoot an arrow. The arrow hits the quokka!
You kill the quokka!
No target in view!
No target in view!
No target in view!
You open the door.
There is an open door here.
You open the door.
An ogre comes into view. It is wielding a +0 giant club.
The ogre shouts!
You shoot an arrow. The arrow barely misses the ogre.
You shoot an arrow. The arrow hits the ogre.
The ogre is lightly wounded.
The ogre hits you with a +0 giant club!
You shoot an arrow. The arrow hits the ogre.
The ogre is moderately wounded.
The ogre closely misses you.
You shoot an arrow. The arrow hits the ogre.
The ogre is heavily wounded.
You shoot an arrow. The arrow hits the ogre.
The ogre is heavily wounded.
The ogre barely misses you.
You shoot an arrow.
The arrow hits the ogre but does no damage.
The ogre is heavily wounded.
The ogre hits you with a +0 giant club!!
You are too injured to fight recklessly!
Unknown command.
Fire: a) +0 shortbow
Press: ? - help, Q - select action, (/) - cycle Shift-Dir - straight line, f/p - ogre
Aim: an ogre, wielding a +0 giant club (heavily wounded, 80% to hit)
You shoot an arrow. The arrow hits the ogre.
The ogre is severely wounded.
The ogre hits you with a +0 giant club!!
Ouch! That really hurt!
You die...

###+# #####.....
#####.........
#....<........ #.
####..†..........
#.###
.................
....#
........#'##....
....#......#####..#
...
...+......#....@.#
## ..#......#..##O##
###†#......#. ...
#...#......# #....
#...#......# #....#
#...#......# #....#
.)..'......# #....#
....#......# #....#
#####......####....+


You could see an ogre.

Vanquished Creatures
  Menkaure (D:4)
  An ogre (D:3)
  3 kobold brigands (Sewer)
  A howler monkey (D:4)
  A jelly (D:4)
  An orc priest (D:3)
  An iguana (D:4)
  An orc wizard (D:3)
  Robin (D:4)
  A gnoll (D:1)
  5 adders
  3 river rats (Sewer)
  4 worms
  A dart slug (D:3)
  9 orcs (D:3)
  6 bats
  7 endoplasms
  3 giant cockroaches
  19 goblins
  7 hobgoblins
  4 kobolds
  6 quokkas
  6 ball pythons
  9 frilled lizards
  11 rats
112 creatures vanquished.

Vanquished Creatures (others)
  A plant (Sewer)
1 creature vanquished.

Grand Total: 113 creatures vanquished

Notes
Turn   | Place    | Note
-------+----------+-------------------------------------------
     0 | D:1      | safid the Minotaur Hunter began the quest for the Orb.
     0 | D:1      | Reached XP level 1. HP: 18/18 MP: 0/0
    62 | D:1      | Reached XP level 2. HP: 26/26 MP: 1/1
    65 | D:1      | Found a faded altar of an unknown god.
   372 | D:1      | Reached XP level 3. HP: 31/31 MP: 2/2
   381 | D:1      | Reached skill level 5 in Ranged Weapons
  1387 | D:2      | Reached XP level 4. HP: 40/40 MP: 3/3
  1681 | D:3      | Found Gaudderi's Antique Armour Shop.
  1832 | D:3      | Reached XP level 5. HP: 7/47 MP: 4/4
  1834 | D:3      | HP: 1/47 [orc/+0 dagger (4)]
  1907 | D:3      | Found a glowing drain.
  2046 | Sewer    | Entered a sewer
  2145 | Sewer    | Reached skill level 5 in Fighting
  2353 | Sewer    | Reached XP level 6. HP: 46/57 MP: 5/5
  4010 | D:4      | Reached XP level 7. HP: 64/64 MP: 6/6
  4014 | D:4      | Noticed Robin
  4153 | D:4      | Killed Robin
  4285 | D:4      | Noticed Menkaure
  4290 | D:4      | Killed Menkaure
  4425 | D:4      | Found a large runed translucent door.
  4425 | D:4      | Found a large runed translucent door.
  4426 | D:4      | Noticed Iamsock's ghost (weakling DrDe)
  4708 | D:3      | Bought a spiked leather armour for 140 gold pieces
  4708 | D:3      | Identified the +0 leather armour of Wuzueff {Dex+6} (You
                  | bought it in a shop on level 3 of the Dungeon)
  4763 | D:4      | Mangled by an ogre

Illustrated notes

Levels and vault maps discovered:
D:1:      roderic_dead_forest, layout_basic, hellmonk_ecumenical_altar_lost_god
D:2:      layout_loops_ring, grunt_ministairs_6
D:3:      layout_loops_corners, portal_sewer_entry_f, serial_shops, shop,
          kennysheep_big_empty_room, grunt_ministairs_6, grunt_decor_arrowhead,
          hex_medium
D:4:      dreamdust_elfheim, layout_gridville, ebering_ghost_disaster_area,
          uniq_menkaure, uniq_robin

Skill      XL: |  1  2  3  4  5  6  7 |
---------------+----------------------+-----
Fighting       | 3 4 5 6 7 |  7.5
Ranged Weapons | 5 6 7 |  7.9
Dodging        | |  2.1
Stealth        | |  0.7

Action                   |  1- 3 |  4- 6 |  7- 9 || total
-------------------------+-------+-------+-------++-------
 Fire: Shortbow          |   107 |   169 |    65 ||   341
Armor: Leather armour    |    13 |    16 |    10 ||    39
Dodge: Dodged            |    27 |    51 |    22 ||   100
